 Dungeon Crawl Stone Soup version 0.26-a0-708-g17f3b190f9 (webtiles) character file.

Game seed: 9037665564613662249

169 robertstho the Skirmisher (level 5, -7/41 HPs)
             Began as a Demonspawn Abyssal Knight on Oct 28, 2020.
             Was a Believer of Lugonu.
             Killed by divine providence
             ... invoked by an orc priest
              (13 damage)
             ... on level 4 of the Dungeon on Oct 29, 2020.
             The game lasted 00:05:55 (3932 turns).

robertstho the Skirmisher (DsAK)                    Turns: 3932, Time: 00:05:55

Health: -7/41      AC:  6    Str: 13 (14) XL:     5   Next: 25%
Magic:  7/7        EV: 14    Int: 13      God:    Lugonu [**....]
Gold:   172        SH:  3    Dex: 12      Spells: 4/4 levels left

rFire    . . .     SeeInvis .   a - +1 war axe (freeze)
rCold    . . .     Faith    .   h - +0 buckler
rNeg     . . .     Spirit   .   n - +0 scale mail
rPois    .         Reflect  .   (no helmet)
rElec    .         Harm     .   (no cloak)
rCorr    .         Rampage  .   (no gloves)
MR       .....                  (no boots)
Stlth    +.........             (no amulet)
HPRegen  0.13/turn              g - ring of stealth
MPRegen  0.10/turn              (no ring)

@: agile, lethally poisoned (-7 -> -14)
A: powered by death 1, powered by pain 2
a: Depart the Abyss, Bend Space, Renounce Religion


You were on level 4 of the Dungeon.
You worshipped Lugonu.
Lugonu was pleased with you.
You visited 1 branch of the dungeon, and saw 4 of its levels.
You visited the Abyss 1 time.

You collected 172 gold pieces.

Inventory:

Hand Weapons
 a - a +1 war axe of freezing (weapon)
 d - a +2 dagger of protection
Missiles
 m - 14 poisoned darts (quivered)
Armour
 h - a +0 buckler (worn)
 n - a +0 scale mail (worn)
Jewellery
 g - a ring of stealth (left hand)
Scrolls
 e - 3 scrolls of teleportation
 f - a scroll of enchant weapon
 i - 2 scrolls of remove curse
 j - 3 scrolls of blinking


   Skills:
 + Level 3.5 Fighting
 + Level 1.2 Short Blades
 + Level 0.3(1.5) Axes
   Level 2.4(2.5) Polearms
 + Level 2.5 Armour
 + Level 2.5 Dodging
 + Level 0.3 Stealth
 + Level 0.9 Shields
 + Level 2.7 Invocations


You had 4 spell levels left.
You didn't know any spells.
Your spell library contained the following spells:

 Spells                   Type           Power        Failure   Level
 Animate Skeleton         Necr           #.....       91%         1
 Apportation              Tloc           #.....       91%         1
 Corona                   Hex            #......      91%         1
 Summon Small Mammal      Summ           #...         91%         1


Dungeon Overview and Level Annotations

Branches:
Dungeon (4/15)
 Temple: D:4-7

Altars:


Innate Abilities, Weirdness & Mutations

You regenerate a little health from kills.
You sometimes gain power by taking damage.


Message History

You slash the phantom!
The phantom is lightly damaged.
You feel sick.
The orc priest begins to cast a cantrip, but forgets the words!
The phantom hits you.
* * * LOW HITPOINT WARNING * * *
* * * LOW HITPOINT WARNING * * *
You feel sick.
* * * LOW HITPOINT WARNING * * *
You feel sick.
* * * LOW HITPOINT WARNING * * *
You feel sick.
The orc priest calls upon Beogh to heal the orc.
The orc's wounds heal themselves!
You aren't carrying any potions.
* * * LOW HITPOINT WARNING * * *
You feel sick.
The orc priest calls down the wrath of Beogh upon you.
Beogh smites you!
You die...

##........####.........
###.......)o.............
........###o####.#.......
#######.# #o# #.#.####.#
#..# #.# ##.#.# >#
######.## #.###..#.####
##......## #W...........
##........###..........##
#..........##@....######
#..........##.#...#
#..........##...#.#
#..........#......#
#....<............#
##................#
#.................#
#...).............#
#......)..........#


You could see a phantom, an orc priest and 2 orcs.

Vanquished Creatures
  7 adders
  4 oozes
  2 worms
  A leopard gecko (D:3)
  12 orcs
  5 bats
  2 giant cockroaches
  8 goblins
  7 hobgoblins
  7 jackals
  6 kobolds
  3 frilled lizards
  A quokka skeleton (D:4)
  2 rats
67 creatures vanquished.

Notes
Turn   | Place    | Note
-------+----------+-------------------------------------------
     0 | Abyss:1  | robertstho the Demonspawn Abyssal Knight began the quest
                  | for the Orb.
     0 | Abyss:1  | Reached XP level 1. HP: 18/18 MP: 2/2
    48 | Abyss:1  | Noticed an orange demon
    49 | D:1      | Escaped the Abyss
   338 | D:1      | Gained mutation: You sometimes gain a little power by
                  | taking damage. [demonic ancestry]
   338 | D:1      | Reached XP level 2. HP: 24/24 MP: 3/3
   355 | D:1      | Reached * piety under Lugonu
   502 | D:1      | Reached skill level 1 in Dodging
  1118 | D:2      | Gained mutation: You sometimes gain power by taking damage.
                  | [demonic ancestry]
  1118 | D:2      | Reached XP level 3. HP: 4/29 MP: 5/5
  2054 | D:2      | Gained mutation: You regenerate a little health from kills.
                  | [demonic ancestry]
  2054 | D:2      | Reached XP level 4. HP: 23/35 MP: 6/6
  2399 | D:2      | Found a faded altar of an unknown god.
  2617 | D:3      | Reached ** piety under Lugonu
  3092 | D:3      | Reached skill level 1 in Short Blades
  3092 | D:3      | Reached XP level 5. HP: 38/41 MP: 7/7
  3652 | D:4      | Noticed a phantom
  3667 | D:4      | Noticed an ogre
  3932 | D:4      | Killed from afar by an orc priest

Illustrated notes

Levels and vault maps discovered:
D:1:      dpeg_arrival_lava_altar, layout_basic
D:2:      layout_rooms, chequers_ecumenical_altar_simple_redux
D:3:      minmay_door_path, layout_basic, minmay_misc_feat_diagonals,
          eino_curves_03
D:4:      minmay_angry_zag, layout_rooms, uniq_pikel, uniq_robin, uniq_sigmund

Skill      XL: |  1  2  3  4 |
---------------+-------------+-----
Polearms       | 2 |  2.4
Armour         | 2 |  2.5
Dodging        | 1 2 |  2.5
Short Blades   | 1 |  1.2
Fighting       | |  3.5
Axes           | |  0.3
Stealth        | |  0.3
Shields        | |  0.9
Invocations    | |  2.7

Action                   |  1- 3 |  4- 6 || total
-------------------------+-------+-------++-------
Melee: Spear             |    86 |       ||    86
       Dagger            |    86 |   170 ||   256
       War axe           |       |    17 ||    17
Invok: Depart the Abyss  |     1 |       ||     1
  Use: Potion            |     3 |       ||     3
       Scroll            |       |     6 ||     6
Armor: Leather armour    |    76 |    61 ||   137
       Scale mail        |       |     6 ||     6
Dodge: Dodged            |    87 |   106 ||   193
Block: Buckler           |     5 |    42 ||    47

Table legend: (Time is in decaauts)
 A = Elapsed time spent in this place.
 B = Non-inter-level travel time spent in this place.
 C = Inter-level travel time spent in this place.
 D = Time resting spent in this place.
 E = Time spent auto-exploring this place.
 F = Levels seen in this place.
 G = Mean time per level.
                   A        B        C        D        E       F      G
               +--------+--------+--------+--------+--------+-----+--------+
         Total |   3939 |   3892 |     47 |    378 |   2682 |   5 |  787.8 |
       Dungeon |   3890 |   3843 |     47 |    378 |   2634 |   4 |  972.5 |
         Abyss |     49 |     49 |      0 |      0 |     48 |   1 |   49.0 |
               +--------+--------+--------+--------+--------+-----+--------+

Top non-repeatable levels by time:
     D:2: 1686 daAuts
     D:3: 1143 daAuts
     D:1: 908 daAuts
     D:4: 151 daAuts
 Abyss:1: 49 daAuts
